 Dungeon Crawl Stone Soup version 0.23.2-33-g5129a83184 (webtiles) character file.

Game seed: 424060695836085554

52 AarnesTheHuman the Covered (level 3, -1/30 HPs)
             Began as a Barachi Fighter on Aug 7, 2019.
             Killed from afar by Natasha (10 damage)
             ... with a wand of flame (11)
             ... on level 2 of the Dungeon.
             The game lasted 00:01:41 (1151 turns).

AarnesTheHuman the Covered (Barachi Fighter)        Turns: 1151, Time: 00:01:41

Health: -1/30      AC:  7    Str: 18    XL:     3   Next: 85%
Magic:  3/3        EV:  7    Int:  8    God:
Gold:   106        SH:  9    Dex: 11    Spells: 2/2 levels left

rFire    . . .     SeeInvis .   k - +2 dagger (venom)
rCold    . . .     Gourm    .   c - +0 shield
rNeg     . . .     Faith    .   b - +0 scale mail
rPois    .         Spirit   .   (no helmet)
rElec    .         Reflect  .   (no cloak)
rCorr    .         Harm     .   (no gloves)
MR       .....                  (no boots)
Stlth    ..........             (no amulet)
HPRegen  0.10/turn              (no ring)
MPRegen  0.08/turn              (no ring)

@: slow
A: +LOS, swims, slowness 1, strong legs 1
a: Hop


You were on level 2 of the Dungeon.
You were not hungry.

You visited 1 branch of the dungeon, and saw 2 of its levels.

You collected 106 gold pieces.

Inventory:

Hand Weapons
 a - a +0 long sword
 g - a cursed +0 mace
 k - a +2 dagger of venom (weapon)
Armour
 b - a +0 scale mail (worn)
 c - a +0 shield (worn)
 m - a +0 pair of boots of running
 n - a +0 shield
Jewellery
 i - an uncursed amulet of guardian spirit {unknown}
Scrolls
 e - 3 scrolls of identify {unknown}
 h - a scroll of random uselessness {unknown}
 l - a scroll of fear {unknown}
 o - a scroll of enchant weapon {unknown}
 p - a scroll of teleportation {unknown}
Potions
 d - 2 potions of might
 j - a potion of heal wounds {unknown}
 r - a potion of curing {unknown}
Comestibles
 f - 2 rations
 q - 3 chunks of flesh


   Skills:
 + Level 4.2 Fighting
 - Level 2.8 Long Blades
 + Level 4.2 Armour
 * Level 4.0 Shields


You had 2 spell levels left.
You didn't know any spells.
Your spell library was empty.

Dungeon Overview and Level Annotations

Branches:
Dungeon (2/15)

Altars:

Annotations:
D:2 Natasha


Innate Abilities, Weirdness & Mutations

Shadows flee at your approach. (+LOS)
You can swim through water.
You cover ground slowly.
You can hop short distances.


Message History

* * * LOW HITPOINT WARNING * * *
You hit Natasha.
Natasha is poisoned.
Natasha is almost dead.
You block Natasha's attack.
You hit Natasha.
You kill Natasha!
Natasha screams in pain as she dies!
Your Shields skill increases to level 4!
You see here the felid corpse of Natasha.
You butcher the felid corpse of Natasha.
q - 4 chunks of flesh (gained 1)
You see here the felid skeleton of Natasha.
You start resting.
Some of the chunks of flesh in your inventory have rotted away.
Natasha, Servant of Life and Death comes into view.
She is carrying a wand of flame (12).
Natasha hisses angrily.
Natasha zaps a wand.
The puff of flame hits you!
* * * LOW HITPOINT WARNING * * *
Natasha zaps a wand.
The puff of flame hits you!
You die...

......###.## #. #.#. ......# #..#
#. #.#.
.....(####.###############.###.#.
######...........................
#....÷.....#####(#########.#.....
#.####.###.# #.# ......... #.#
#.# #.# #..... #.# #.# #.# #.....
#.# #.#####@#####.# #.#... #.#
#.h..÷........# ....... #.#
#.#####.###............. #.# #.#
#.# ####.#.#.## .. ..# # #.#. #.#
# #. #.# #. #.. ###


You could see Natasha.

Vanquished Creatures
  Natasha (D:2)
  A leopard gecko (D:2)
  2 ball pythons (D:1)
  A giant cockroach (D:2)
  9 goblins
  2 hobgoblins (D:1)
  3 kobolds (D:1)
  2 bats
  A frilled lizard (D:1)
  4 rats
26 creatures vanquished.

Notes
Turn   | Place    | Note
-------+----------+-------------------------------------------
     0 | D:1      | AarnesTheHuman the Barachi Fighter began the quest for the
                  | Orb.
     0 | D:1      | Reached XP level 1. HP: 18/18 MP: 1/1
   204 | D:1      | Reached XP level 2. HP: 24/25 MP: 2/2
   867 | D:2      | Reached XP level 3. HP: 30/30 MP: 3/3
  1021 | D:2      | Noticed Natasha
  1031 | D:2      | Killed Natasha
  1149 | D:2      | Noticed Natasha
  1151 | D:2      | Killed from afar by Natasha

Skill      XL: |  1  2  3 |
---------------+----------+-----
Fighting       | 4 |  4.2
Armour         | 4 |  4.2
Shields        | 4 |  4.0
Long Blades    | |  2.8

Action                   || total
-------------------------++-------
Melee: Long sword        ||    66
       Dagger            ||    25
  Eat: Chunk             ||     1
Armor: Scale mail        ||    42
Dodge: Dodged            ||    25
Block: Shield            ||    51
       Rpst.: Long sword ||     3
